 Dungeon Crawl Stone Soup version 0.29-a0-337-g68df138881 (webtiles) character file.

Game seed: 12958117055837322092

7 bizdof the Sneak (level 1, -4/9 HPs)
             Began as a Spriggan Enchanter on Apr 17, 2022.
             Killed from afar by an orc wizard (13 damage)
             ... with a puff of flame
             ... on level 3 of the Dungeon.
             The game lasted 00:01:40 (484 turns).

bizdof the Sneak (Spriggan Enchanter)                Turns: 484, Time: 00:01:40

Health: -4/9       AC:  2    Str:  4    XL:     1   Next: 91%
Magic:  5/5        EV: 17    Int: 16    God:
Gold:   5          SH:  0    Dex: 15    Spells: 6/6 levels left

rFire   . . .      SeeInvis +   a - +1 dagger
rCold   . . .      Faith    .   (no shield)
rNeg    . . .      Spirit   .   b - +0 robe
rPois   .          Reflect  .   (helmet restricted)
rElec   .          Harm     .   (no cloak)
rCorr   .          Rampage  .   (gloves unavailable)
Will    .....                   (boots unavailable)
Stlth   +++.......              (no amulet)
HPRegen 0.03/turn               (no ring)
MPRegen 0.09/turn               (no ring)

@: very quick
A: very small, no large weapons, unfitting armour, see invisible, speed 3
a: no special abilities


You were on level 3 of the Dungeon.
You visited 1 branch of the dungeon, and saw 3 of its levels.

You collected 5 gold pieces.

Inventory:

Hand Weapons
 a - a +1 dagger (weapon)
Armour
 b - a +0 robe (worn)
Scrolls
 d - a scroll of identify
Potions
 c - a potion of invisibility


   Skills:
 - Level 1.1 Short Blades
 - Level 2.6 Dodging
 - Level 4.4 Stealth
 + Level 3.1 Spellcasting
 + Level 4.0 Hexes


You had 6 spell levels left.
You didn't know any spells.
Your spell library contained the following spells:

 Spells                   Type           Power      Damage    Failure   Level
 Confusing Touch          Hex            15%        N/A       11%         3
 Tukima's Dance           Hex            15%        N/A       11%         3
 Ensorcelled Hibernation  Hex/Ice        16%        N/A       12%         2
 Dazzling Flash           Conj/Hex       16%        N/A       24%         3


Dungeon Overview and Level Annotations

Branches:
Dungeon (3/15)

Altars:
Makhleb


Innate Abilities, Weirdness & Mutations

You are very small and have problems with some larger weapons.
You are too small for most types of armour.
You have supernaturally acute eyesight. (SInv)
You cover ground extremely quickly. (Speed+++)


Message History

No target in view!
No target in view!
You see here a frilled lizard corpse.
Found a hunting sling.
A rat comes into view.
Found 12 gold pieces.
You see here a +0 hunting sling.
The rat closely misses you.
You hit the rat but do no damage. The rat closely misses you.
You hit the rat.
You kill the rat!
Your Hexes skill increases to level 4!
No target in view!
No target in view!
No target in view!
An adder comes into view.
Found a scroll of identify and 12 gold pieces.
You see here a rat corpse.
You see here a +0 hunting sling.
A worm comes into view.
You open the door.
There is an open door here.
e - a scroll labelled TYADIKYVEH
As you read the scroll labelled TYADIKYVEH, it crumbles to dust.
You hear a loud clanging noise!
It was a scroll of noise.
You hear an angry hiss. x4
Found a stone staircase leading down.
An adder comes into view.
Found a stone staircase leading up.
The adder hisses angrily.
There is a stone staircase leading down here.
You climb downwards.
There is a stone staircase leading up here.
The orc wizard shouts! x2; You hear a shout! x2
You barely miss the orc wizard. The orc wizard barely misses you.
The orc wizard gestures at you while chanting.
The puff of flame hits you!
Ouch! That really hurt!
You die...

########
#......#
#......# .
#......#..
#.........
#oo....#
#@bo...#
#.<....#
#..o......
#.o....##.
########


You could see an orc priest, 2 orc wizards, 2 orcs and a bat.

Vanquished Creatures
  A hobgoblin (D:1)
  A kobold (D:2)
  2 ball pythons (D:2)
  A frilled lizard (D:2)
  A goblin (D:1)
  2 rats
8 creatures vanquished.

Notes
Turn   | Place    | Note
-------+----------+-------------------------------------------
     0 | D:1      | bizdof the Spriggan Enchanter began the quest for the Orb.
     0 | D:1      | Reached XP level 1. HP: 9/9 MP: 5/5
     3 | D:1      | Noticed a human
     3 | D:1      | Noticed a demonspawn
     5 | D:1      | Noticed a troll
     5 | D:1      | Noticed an octopode
     9 | D:1      | Noticed a minotaur
     9 | D:1      | Noticed an elf
    11 | D:1      | Noticed a formicid
    13 | D:1      | Noticed a dwarf
    13 | D:1      | Noticed an ogre
    15 | D:1      | Noticed a gargoyle
    15 | D:1      | Noticed a spriggan
    17 | D:1      | Noticed a ghoul
    17 | D:1      | Noticed a merfolk
    19 | D:1      | Noticed a felid
    19 | D:1      | Noticed a tengu
    21 | D:1      | Noticed a vampire
    23 | D:1      | Noticed a draconian
    23 | D:1      | Noticed a naga
    25 | D:1      | Noticed a vine stalker
    27 | D:1      | Noticed a demigod
   189 | D:2      | Found a burning altar of Makhleb.
   482 | D:3      | Noticed an orc wizard
   482 | D:3      | Noticed an orc wizard
   482 | D:3      | Noticed an orc priest
   484 | D:3      | Killed from afar by an orc wizard

Illustrated notes

Levels and vault maps discovered:
D:1:      kb_arrival_jail, layout_rooms, shapermc_ecumenical_altar_totnotflames,
          solitary_fountain, patterned_corridor
D:2:      layout_basic, serial_shops, shop_statue, basic_altar,
          minmay_increasing_density
D:3:      wander_river, layout_rooms, amcnicky_altar_gilded, serial_shops,
          nicolae_shop_crystal

Skill      XL: |  1 |
---------------+----+-----
Spellcasting   | 3 |  3.1
Hexes          | 4 |  4.0
Short Blades   | |  1.1
Dodging        | |  2.6
Stealth        | |  4.4

Action                   || total
-------------------------++-------
Melee: Dagger            ||    22
  Use: Scroll            ||     3
       Potion            ||     1
 Stab: Sleeping          ||     2
       Invisible         ||     1
Armor: Robe              ||     5
Dodge: Dodged            ||    15

Table legend: (Time is in decaauts)
 A = Elapsed time spent in this place.
 B = Non-inter-level travel time spent in this place.
 C = Inter-level travel time spent in this place.
 D = Time resting spent in this place.
 E = Time spent auto-exploring this place.
 F = Levels seen in this place.
 G = Mean time per level.
                   A        B        C        D        E       F      G
               +--------+--------+--------+--------+--------+-----+--------+
         Total |    414 |    414 |      0 |     10 |    316 |   3 |  138.0 |
       Dungeon |    414 |    414 |      0 |     10 |    316 |   3 |  138.0 |
               +--------+--------+--------+--------+--------+-----+--------+

Top non-repeatable levels by time:
     D:2: 362 daAuts
     D:1: 50 daAuts
     D:3: 1 daAuts
